 Dungeon Crawl Stone Soup version 0.30.2 (webtiles) character file.

Game seed: 2046985957495308462

336 porpoise the Shooter (level 6, -2/56 HPs)
             Began as a Minotaur Hunter on Apr 13, 2024.
             Slain by Duvessa
             ... wielding a +0 rapier
              (5 damage)
             ... on level 4 of the Dungeon.
             The game lasted 00:07:31 (3617 turns).

porpoise the Shooter (Minotaur Hunter)              Turns: 3617, Time: 00:07:31

Health: -2/56      AC:  6    Str: 16    XL:     6   Next: 28%
Magic:  5/5        EV: 12    Int:  6    God:
Gold:   36         SH:  0    Dex: 15    Spells: 5/5 levels left

rFire   . . .        a - +0 shortbow
rCold   . . .        (shield currently unavailable)
rNeg    + . .        c - +0 leather armour
rPois   .            (helmet restricted)
rElec   .            s - +2 cloak
rCorr   .            (no gloves)
SInv    .            (no boots)
Will    .....        (no amulet)
Stlth   +            q - ring of positive energy
HPRegen 0.29/turn    (no ring)
MPRegen 0.09/turn

%: no passive effects
@: lit by a corona, glowing
A: horns 2, retaliatory headbutt
a: no special abilities


You were on level 4 of the Dungeon.
You visited 1 branch of the dungeon, and saw 4 of its levels.

You collected 189 gold pieces.
You spent 153 gold pieces at shops.

Inventory:

Hand Weapons
 a - a +0 shortbow (weapon)
 b - the +7 rapier of True Grit {flame, *Corrode rN+ Int+3}
   (You bought it in a shop on level 2 of the Dungeon)

   Int:       It affects your intelligence (+3).
   rN:        It protects you from negative energy.
   *Corrode:  It may corrode you when you take damage.
 o - a +0 spear
 t - a +0 dagger of venom
 u - a +0 short sword
 w - a +2 antimagic sling
Missiles
 h - 2 throwing nets
Armour
 c - a +0 leather armour (worn)
 s - a +2 cloak (worn)
Jewellery
 j - an amulet of guardian spirit
 q - a ring of positive energy (left hand)
Scrolls
 d - 3 scrolls of immolation
 f - 3 scrolls of identify {unknown}
 g - a scroll of noise {unknown}
 i - a scroll of poison {unknown}
 l - a scroll of blinking {unknown}
 v - 2 scrolls of vulnerability {unknown}
 y - a scroll of teleportation {unknown}
Potions
 e - 2 potions of heal wounds
 k - 2 potions of curing {unknown}
 m - a potion of haste {unknown}
 n - a potion of magic {unknown}
 p - a potion of attraction {unknown}
 r - a potion of cancellation {unknown}
 x - a potion of mutation {unknown}
 z - a potion of degeneration {unknown}


   Skills:
 + Level 5.0 Fighting
 * Level 7.3 Ranged Weapons
 - Level 2.1 Dodging
 - Level 0.7 Stealth


You had 5 spell levels left.
You didn't know any spells.
Your spell library was empty.

Dungeon Overview and Level Annotations

Branches:
Dungeon (4/15)
 Temple: D:4-7

Altars:
Ashenzari
Xom

Shops:
D:2 (

Annotations:
D:4 Dowan, Duvessa


Innate Abilities, Weirdness & Mutations

You have a pair of horns on your head.
You reflexively headbutt those who attack you in melee.


Message History

Duvessa zaps a wand.
The bolt of light hits you!
You are confused.
You are too confused!
You are too confused!
You are too confused!
You closely miss Duvessa. Your headbutt misses Duvessa.
Duvessa is heavily wounded.
Duvessa zaps a wand.
The bolt of light hits you!!
You are more confused.
The now-empty wand crumbles to dust.
You bump into the rock wall.
Dowan gestures at you while chanting.
You are outlined in light.
Duvessa hits you with a +0 rapier!
* * * LOW HITPOINT WARNING * * *
You bump into the rock wall.
Duvessa hits you with a +0 rapier.
* * * LOW HITPOINT WARNING * * *
You clumsily bash Duvessa but do no damage.
Duvessa is heavily wounded.
You feel less confused. Duvessa hits you with a +0 rapier.
* * * LOW HITPOINT WARNING * * *
It was a potion of heal wounds.
You feel much better. Duvessa hits you with a +0 rapier.
You shoot an arrow.
The arrow hits Duvessa but does no damage.
Duvessa is moderately wounded.
Duvessa hits you with a +0 rapier.
You shoot an arrow. The arrow hits Duvessa!
Duvessa is severely wounded.
Dowan hits you but does no damage. Duvessa hits you with a +0 rapier.
Duvessa hits you with a +0 rapier!
* * * LOW HITPOINT WARNING * * *
Dowan hits you with a +0 dagger.
* * * LOW HITPOINT WARNING * * *
You shoot an arrow. The arrow hits Duvessa.
Duvessa is severely wounded.
Dowan hits you with a +0 dagger.
* * * LOW HITPOINT WARNING * * *
Duvessa hits you with a +0 rapier.
You die...

##.+.......+ ##.#.......#
#.#.......# #.#.......#
#.#.......# #############
#.#.......# #...........#
##.#.......# #.#########.#
.#.# #.#ee<....#.# .#.#
#.#@#.....#.# .#.#
#.#.#######.#
.#.###########.#.........#
.............#.###########
..##########.#.#
...........#.#.#
.#######.###.#.# .#
#..........# .#
#.##.###.###


You could see Duvessa and Dowan.

Vanquished Creatures
  A phantom (D:4)
  Terence (D:2)
  An iguana (D:4)
  A sleepcap (D:3)
  3 gnolls (D:3)
  5 adders
  A worm (D:3)
  6 dart slugs
  5 orcs (D:2)
  5 bats
  3 endoplasms
  6 giant cockroaches
  10 goblins
  9 hobgoblins
  10 jackals
  6 quokkas
  5 ball pythons
  6 frilled lizards
  8 kobolds
  3 rats
95 creatures vanquished.

Notes
Turn   | Place    | Note
-------+----------+-------------------------------------------
     0 | D:1      | porpoise the Minotaur Hunter began the quest for the Orb.
     0 | D:1      | Reached XP level 1. HP: 18/18 MP: 0/0
    32 | D:1      | Found a faded altar of an unknown god.
    42 | D:1      | Reached XP level 2. HP: 25/25 MP: 1/1
   228 | D:1      | Reached skill level 5 in Ranged Weapons
   343 | D:1      | Reached XP level 3. HP: 31/31 MP: 2/2
  1262 | D:2      | Found Qakupt's Antique Weapon Shoppe.
  1278 | D:2      | Reached XP level 4. HP: 36/38 MP: 3/3
  1654 | D:2      | Noticed Terence
  1662 | D:2      | Killed Terence
  1663 | D:2      | Reached skill level 6 in Ranged Weapons
  2305 | D:2      | Bought a glimmering rapier for 153 gold pieces
  2305 | D:2      | Identified the +7 rapier of True Grit {flame, *Corrode rN+
                  | Int+3} (You bought it in a shop on level 2 of the Dungeon)
  2336 | D:3      | Reached XP level 5. HP: 41/46 MP: 4/4
  3142 | D:4      | Found a shimmering altar of Xom.
  3154 | D:4      | Found a shimmering altar of Xom.
  3155 | D:4      | Found a shimmering altar of Xom.
  3164 | D:4      | Found a shimmering altar of Xom.
  3165 | D:4      | Found a shimmering altar of Xom.
  3165 | D:4      | Found a shimmering altar of Xom.
  3165 | D:4      | Noticed a phantom
  3177 | D:4      | Killed a phantom
  3178 | D:4      | Reached skill level 7 in Ranged Weapons
  3178 | D:4      | Reached XP level 6. HP: 46/55 MP: 5/5
  3232 | D:4      | Found a broken altar of Ashenzari.
  3452 | D:4      | Reached skill level 5 in Fighting
  3599 | D:4      | Noticed Duvessa
  3599 | D:4      | Noticed Dowan
  3617 | D:4      | Slain by Duvessa

Illustrated notes

Levels and vault maps discovered:
D:1:      scummos_arrival_simple_fountains, layout_loops_corners,
          hellmonk_ecumenical_altar_blasted, hangedman_abyss_or_decor_stabs,
          minmay_hexomino_u4
D:2:      layout_basic, serial_shops, shop, uniq_terence
D:3:      layout_basic, serial_bayou_crossing
D:4:      layout_basic, mainiacjoe_overflow_concentric_impassable,
          xom_redecorated, chequers_mini_garden, minmay_checkerbox, uniq_duvessa

Skill      XL: |  1  2  3  4  5  6 |
---------------+-------------------+-----
Ranged Weapons | 5 6 7 |  7.3
Fighting       | 3 4 5 |  5.0
Dodging        | |  2.1
Stealth        | |  0.7

Action                     |  1- 3 |  4- 6 || total
---------------------------+-------+-------++-------
  Melee: Shortbow          |       |     2 ||     2
   Fire: Shortbow          |   105 |   150 ||   255
    Use: Potion            |       |     1 ||     1
 Armour: Leather armour    |     9 |    14 ||    23
  Dodge: Dodged            |    21 |    38 ||    59
